 Dungeon Crawl Stone Soup version 0.25-a0-578-gc91f01c (webtiles) character file.

Game seed: 8012337314225020101, levelgen mode: deterministic

5303 15 the Summoner (level 10, -4/111 HPs)
             Began as a Barachi Summoner on Mar 3, 2020.
             Was a Priest of Sif Muna.
             Slain by a vampire (12 damage)
             ... on level 9 of the Dungeon.
             The game lasted 00:57:42 (11612 turns).

15 the Summoner (Barachi Summoner)                 Turns: 11612, Time: 00:57:43

Health: -4/111     AC:  8    Str: 10      XL:     10   Next: 63%
Magic:  13/20      EV: 14    Int: 19      God:    Sif Muna [***...]
Gold:   257        SH:  0    Dex: 11 (12) Spells: 5/22 levels left

rFire    + . .     SeeInvis +   y - +2 dire flail (drain)
rCold    . . .     Gourm    .   (shield currently unavailable)
rNeg     . . .     Faith    .   I - +2 leather armour {rF+}
rPois    .         Spirit   .   (no helmet)
rElec    .         Reflect  .   (no cloak)
rCorr    .         Harm     .   (no gloves)
MR       .....                  (no boots)
Stlth    ..........             (no amulet)
HPRegen  0.28/turn              v - +3 ring of protection
MPRegen  0.17/turn              r - ring of see invisible

@: mighty, berserking (expiring), very slightly contaminated, quick
A: +LOS, swims, slowness 1, strong legs 1
a: Hop, Channel Magic, Forget Spell, Renounce Religion


You were on level 9 of the Dungeon.
You worshipped Sif Muna.
Sif Muna was most pleased with you.
You were hungry.

You visited 2 branches of the dungeon, and saw 11 of its levels.

You collected 732 gold pieces.
You spent 475 gold pieces at shops.

Inventory:

Hand Weapons
 g - a +1 rapier of draining
 n - a +1 trident
 x - a +0 long sword
 y - a +2 dire flail of draining (weapon)
 C - a +0 morningstar of flaming
 H - a +3 hand axe of flaming
Armour
 a - a +0 robe
 u - the +6 tower shield of the Nightingale {rN++ MR+}
   (You found it on level 4 of the Dungeon)

   It greatly protects you from negative energy.
   It affects your resistance to hostile enchantments.
 I - a +2 leather armour of fire resistance (worn)
Magical Staves
 B - an uncursed staff of air
Jewellery
 d - a +1 ring of evasion
 q - an uncursed ring of magical power
 r - a ring of see invisible (right hand)
 v - a +3 ring of protection (left hand)
 z - an uncursed ring of resist corrosion
 M - an uncursed ring of poison resistance
Wands
 b - a wand of paralysis (25)
 J - a wand of enslavement (6)
 K - a wand of flame (21)
Scrolls
 f - a scroll of vulnerability {unknown}
 i - 6 scrolls of remove curse
 j - a scroll of enchant weapon
 l - a scroll of teleportation
 p - 4 scrolls of magic mapping
 s - 2 scrolls of amnesia
 G - a scroll of fear {unknown}
Potions
 e - 6 potions of mutation
 m - a potion of might
 o - 3 potions of haste
 w - 2 potions of brilliance
 A - 3 potions of stabbing
 E - 5 potions of curing
Miscellaneous
 F - a tin of tremorstones
Comestibles
 c - 25 rations
 k - 4 chunks of flesh


   Skills:
 * Level 5.0 Fighting
 + Level 1.3 Short Blades
 + Level 0.1 Maces & Flails
 + Level 3.4 Polearms
 * Level 5.4 Armour
 * Level 6.0 Dodging
 + Level 4.2 Stealth
 * Level 4.4 Shields
 + Level 0.2 Unarmed Combat
 * Level 6.8 Spellcasting
 + Level 1.0 Hexes
 * Level 9.2 Summonings
 + Level 1.8 Ice Magic
 + Level 0.3 Air Magic
 * Level 3.1 Invocations
 * Level 4.2 Evocations


You had 5 spell levels left.
You knew the following spells:

 Your Spells              Type           Power        Failure   Level  Hunger
a - Summon Small Mammal   Summ           ####         1%          1    None
b - Call Imp              Summ           #####...     1%          2    None
c - Call Canine Familiar  Summ           #####...     1%          3    ##.....
d - Summon Guardian Gole  Hex/Summ       ####....     4%          3    ##.....
e - Summon Ice Beast      Ice/Summ       ####....     14%         4    ####...
f - Summon Lightning Spi  Summ/Air       ###.....     19%         4    ####...

Your spell library contained the following spells:

 Spells                   Type           Power        Failure   Level  Hunger
 Animate Skeleton         Necr           N/A          14%         1    None
 Pain                     Necr           #...         14%         1    None
 Vampiric Draining        Necr           #.........   38%         3    ##.....
 Animate Dead             Necr           N/A          80%         4    ####...
 Agony                    Necr           #.......     98%         5    #####..


Dungeon Overview and Level Annotations

Branches:
Dungeon (10/15)            Temple (1/1) D:5            Lair (0/6) D:10
    Orc (0/2) D:9

Altars:
Ashenzari
Cheibriados
Dithmenos
Elyvilon
Fedhas
Gozag
Hepliaklqana
Makhleb
Nemelex Xobeh
Okawaru
Qazlal
Ru
Sif Muna
Trog
Uskayaw
Vehumet
Wu Jian
Xom
Yredelemnul
Zin
The Shining One

Shops:
D:5 ?   D:10 =!:

Annotations:
D:5 5 runed translucent doors
D:7 3 runed translucent doors, Skitler's ghost, novice MiBe


Innate Abilities, Weirdness & Mutations

You can be seen from farther away. (+LOS)
You can swim through water.
You cover ground slowly.
You can hop short distances.


Message History

* * * LOW HITPOINT WARNING * * *
The vampire bites you.
* * * LOW HITPOINT WARNING * * *
The vampire draws strength from your injuries!
You hit the vampire but do no damage.
The vampire is severely damaged.
The vampire is infused with unholy energy.
* * * LOW HITPOINT WARNING * * *
The vampire draws life force from you and is healed!
You puncture the vampire!
The vampire is severely damaged.
The vampire casts a spell.
The vampire flickers and vanishes for a moment.
Unknown command.
You barely miss the vampire.
The vampire is severely damaged.
You closely miss the vampire.
The vampire is severely damaged.
The vampire hits you!
You die...

#########
#.......##################
#.......#............#...#
#.......#(.....V@....#...#
#.......#............#...#
#.......#............#...#
#.......#...##.......'...#
........#...##.......#...#
........#...##########...#
........#...#........#####
........#...#........#
........#.>.#......[.#


You could see a vampire (invisible).

Vanquished Creatures
  A hydra (D:8)
  2 dream sheep (D:9)
  A wyvern (D:10)
  6 yaks
  A hungry ghost (D:9)
  A human (D:10)
  3 phantoms
  An ogre (D:4)
  A centaur (D:6)
  A big kobold (D:9)
  A bullfrog (D:6)
  A killer bee (D:8)
  A howler monkey (D:9)
  2 crimson imps
  A hound (D:9)
  3 orc priests
  An orc wizard (D:3)
  4 worker ants
  An ogre zombie (D:9)
  A hound zombie (D:7)
  2 adders
  2 shadow imps
  2 adder skeletons
  5 leopard geckos
  10 orcs
  4 bats
  5 giant cockroaches
  6 goblins
  4 hobgoblins
  A jackal (D:5)
  A kobold (D:2)
  A quokka (D:3)
  3 frilled lizards
  2 goblin skeletons (D:9)
  A goblin zombie (D:9)
  A hobgoblin zombie (D:9)
  2 orc skeletons (D:9)
  2 orc zombies (D:9)
  A quokka skeleton (D:5)
  5 rats
94 creatures vanquished.

Vanquished Creatures (collateral kills)
  A hydra (D:9)
  A slime creature (D:8)
  3 hippogriffs
  A wyvern (D:8)
  A human (D:10)
  4 yaks (D:9)
  A hungry ghost (D:9)
  A water moccasin (D:8)
  Duvessa (D:5)
  2 orc warriors
  An ice beast (D:8)
  A centaur (D:6)
  2 big kobolds (D:9)
  4 bullfrogs
  Dowan (D:5)
  4 scorpions
  A wyvern skeleton (D:7)
  3 crimson imps
  3 quasits
  3 hounds
  A jelly (D:7)
  3 orc wizards
  3 orc priests
  A bullfrog skeleton (D:7)
  Jessica (D:2)
  2 iguanas
  3 worker ants
  7 ogre zombies (D:9)
  A worker ant zombie (D:6)
  4 adders
  4 worms
  A dart slug (D:4)
  17 orcs
  A giant cockroach (D:2)
  4 goblins
  2 hobgoblins
  5 jackals
  4 kobolds
  2 quokkas
  A ball python (D:1)
  3 frilled lizards
  A goblin skeleton (D:9)
  A goblin zombie (D:9)
  2 hobgoblin skeletons (D:9)
  An orc skeleton (D:9)
  11 orc zombies (D:9)
  3 rats
128 creatures vanquished.

Vanquished Creatures (others)
  A hobgoblin skeleton (D:9)
  2 plants (D:10)
3 creatures vanquished.

Grand Total: 225 creatures vanquished

Notes
Turn   | Place    | Note
-------+----------+-------------------------------------------
     0 | D:1      | 15 the Barachi Summoner began the quest for the Orb.
     0 | D:1      | Reached XP level 1. HP: 13/13 MP: 3/3
    87 | D:1      | Reached skill level 5 in Summonings
   109 | D:1      | Reached XP level 2. HP: 19/19 MP: 3/5
   192 | D:1      | Learned a level 2 spell: Call Imp
  1253 | D:2      | Reached XP level 3. HP: 15/24 MP: 2/6
  1350 | D:2      | Noticed Jessica
  1372 | D:2      | Killed Jessica
  1677 | D:2      | Reached XP level 4. HP: 30/30 MP: 5/8
  1798 | D:2      | You fall into a shaft and drop 2 floors!
  2204 | D:3      | Found a faded altar of an unknown god.
  2241 | D:3      | Reached XP level 5. HP: 16/36 MP: 6/9
  2245 | D:3      | Reached skill level 1 in Fighting
  2245 | D:3      | Reached skill level 1 in Polearms
  2350 | D:3      | Learned a level 3 spell: Call Canine Familiar
  2354 | D:3      | Learned a level 3 spell: Summon Guardian Golem
  2527 | D:3      | Found a glowing golden altar of the Shining One.
  2951 | D:4      | Got a crude tower shield
  2992 | D:4      | Identified the +6 tower shield of the Nightingale {rN++
                  | MR+} (You found it on level 4 of the Dungeon)
  3020 | D:4      | Reached skill level 6 in Summonings
  3020 | D:4      | Reached XP level 6. HP: 18/43 MP: 3/11
  3313 | D:4      | Noticed a phantom
  3317 | D:4      | Killed a phantom
  3317 | D:4      | Reached skill level 1 in Armour
  3549 | D:5      | Entered Level 5 of the Dungeon
  3628 | D:5      | Reached skill level 1 in Shields
  3628 | D:5      | Reached XP level 7. HP: 27/49 MP: 10/13
  3848 | D:5      | Found Zisez's Magic Scroll Shop.
  3852 | D:5      | Noticed a yak
  3852 | D:5      | Noticed a yak
  3852 | D:5      | Noticed a yak
  3863 | D:5      | Noticed a yak
  3863 | D:5      | Noticed a yak
  3884 | D:4      | Learned a level 4 spell: Summon Ice Beast
  3911 | D:5      | Noticed a +0 dagger
  3914 | D:5      | Found a hide-covered altar of Uskayaw.
  3917 | D:5      | Noticed a +0 dagger
  3917 | D:5      | Noticed Duvessa
  3917 | D:5      | Noticed Dowan
  3932 | D:5      | Killed Duvessa
  3947 | D:5      | Killed Dowan
  4220 | D:5      | Found the +9 staff of Olgreb {rPois∞}
  4230 | D:5      | Found a runed translucent door.
  4370 | D:5      | Noticed a soldier ant
  4371 | D:5      | Found a runed translucent gate.
  4371 | D:5      | Found a runed translucent gate.
  4371 | D:5      | Noticed a soldier ant
  4371 | D:5      | Noticed a soldier ant
  4372 | D:5      | Found a runed translucent door.
  4374 | D:5      | Found a runed translucent gate.
  4445 | D:5      | Killed a yak
  4445 | D:5      | Reached skill level 1 in Evocations
  4453 | D:5      | Killed a yak
  4453 | D:5      | Reached XP level 8. HP: 17/57 MP: 5/15
  4555 | D:5      | Bought a scroll of teleportation for 39 gold pieces
  4555 | D:5      | Bought a scroll of teleportation for 39 gold pieces
  4555 | D:5      | Bought a scroll of remove curse for 39 gold pieces
  4555 | D:5      | Bought a scroll of identify for 26 gold pieces
  4858 | D:5      | Found a staircase to the Ecumenical Temple.
  4865 | Temple   | Entered the Ecumenical Temple
  5192 | Temple   | Became a worshipper of Sif Muna the Loreminder
  5386 | D:6      | Found a basalt altar of Yredelemnul.
  5427 | D:6      | Reached skill level 7 in Summonings
  5446 | D:6      | HP: 2/57 [bullfrog (7)]
  5888 | D:6      | Reached skill level 1 in Ice Magic
  5939 | D:6      | Found a snail-covered altar of Cheibriados.
  6016 | D:6      | Noticed a hippogriff
  6029 | D:6      | Killed a hippogriff
  6029 | D:6      | Reached skill level 1 in Invocations
  6263 | D:7      | Found an ornate altar of the Wu Jian Council.
  6321 | D:7      | Found a runed translucent gate.
  6327 | D:7      | Found a runed translucent gate.
  6327 | D:7      | Noticed Skitler's ghost (novice MiBe)
  6328 | D:7      | Found a runed translucent gate.
  6435 | D:7      | Reached skill level 5 in Spellcasting
  6606 | D:7      | Found a sacrificial altar of Ru.
  6606 | D:7      | Found a stormy altar of Qazlal.
  6607 | D:7      | Found a bloodstained altar of Trog.
  6625 | D:7      | Found a white marble altar of Elyvilon.
  6799 | D:7      | Found a shimmering altar of Xom.
  6918 | D:7      | Found an opulent altar of Gozag.
  7530 | D:8      | Learned a level 4 spell: Summon Lightning Spire
  7535 | D:8      | Reached * piety under Sif Muna
  7784 | D:8      | Noticed a seven-headed hydra
  7866 | D:8      | Reached XP level 9. HP: 24/63 MP: 9/16
  8153 | D:8      | Reached skill level 1 in Short Blades
  8153 | D:8      | Reached skill level 8 in Summonings
  8256 | D:8      | Killed a seven-headed hydra
  8821 | D:8      | HP: 1/65 [yak (10)]
  9115 | D:9      | Reached XP level 10. HP: 65/71 MP: 4/19
  9229 | D:9      | Reached skill level 5 in Dodging
  9346 | D:9      | Reached ** piety under Sif Muna
  9379 | D:9      | Reached skill level 5 in Armour
  9522 | D:9      | Found a staircase to the Orcish Mines.
 10125 | D:9      | Found a glowing silver altar of Zin.
 10145 | D:9      | Reached *** piety under Sif Muna
 10380 | D:9      | Found a burning altar of Makhleb.
 10546 | D:9      | Reached skill level 9 in Summonings
 10587 | D:9      | Noticed a three-headed hydra
 10593 | D:9      | Killed a three-headed hydra
 10593 | D:9      | Reached skill level 1 in Hexes
 10613 | D:9      | Found a sparkling altar of Nemelex Xobeh.
 10851 | D:10     | Entered Level 10 of the Dungeon
 11051 | D:10     | Found Ved Eryt's Distillery.
 11061 | D:10     | Bought a potion of curing for 42 gold pieces
 11061 | D:10     | Bought a potion of heal wounds for 70 gold pieces
 11070 | D:10     | Found Lixeofia's Book Shoppe.
 11121 | D:10     | Noticed a two-headed ogre
 11469 | D:10     | Found an iron altar of Okawaru.
 11496 | D:10     | Reached skill level 5 in Fighting
 11525 | D:10     | Found Usti's Jewellery Shoppe.
 11534 | D:10     | Bought an uncursed ring of poison resistance for 220 gold
                  | pieces
 11538 | D:10     | Found a staircase to the Lair.
 11612 | D:9      | Slain by a vampire

Levels and vault maps discovered:
D:1:      arrival_zaba_pyramid, layout_basic, chequers_mini_garden
D:2:      layout_basic, first_ration, uniq_jessica
D:3:      layout_rooms, old_standard_altar,
          chequers_ecumenical_altar_simple_redux
D:4:      layout_loops_ring
D:5:      layout_rooms, dancing_weapons_uskayaw, minmay_temple_entry_fiery,
          serial_shops, shop, corexii_leaking_fountain,
          minmay_guarded_unrand_staff_of_olgreb, uniq_duvessa
D:6:      layout_loops_ring, lemuel_round_altar, basic_altar,
          minmay_misc_feat_iff
D:7:      layout_layer_cave, old_standard_altar, kennysheep_mini,
          lemuel_doored_altar, nicolae_overflow_hidden_temple,
          gammafunk_ghost_split
D:8:      minmay_ornate_pinched, layout_basic
D:9:      layout_gridville, nicolae_overflow_crystal_walls, zin_statuary,
          zombieorc2_lemuel, basic_altar, hangedman_ranch
          [blue_anna_fruit_fields]
D:10:     layout_loops_ring, david_lair_shrubbed, serial_shops, shop, shop,
          shop, okawaru_humans
Temple:   jpeg_temple_island

Skill      XL: |  1  2  3  4  5  6  7  8  9 10 |
---------------+-------------------------------+-----
Summonings     | 5 6 7 8 9 |  9.2
Stealth        | 2 3 4 |  4.2
Spellcasting   | 3 4 5 6 |  6.8
Fighting       | 1 2 3 5 |  5.0
Polearms       | 1 2 3 |  3.4
Dodging        | 3 4 6 |  6.0
Armour         | 1 2 3 4 5 |  5.4
Shields        | 1 2 3 4 |  4.4
Evocations     | 1 2 3 4 |  4.2
Ice Magic      | 1 |  1.8
Invocations    | 1 2 3 |  3.1
Short Blades   | 1 |  1.3
Hexes          | 1 |  1.0
Maces & Flails | |  0.1
Unarmed Combat | |  0.2
Air Magic      | |  0.3

Action                   |  1- 3 |  4- 6 |  7- 9 | 10-12 || total
-------------------------+-------+-------+-------+-------++-------
Melee: Short sword       |    67 |       |       |       ||    67
       Unarmed           |     8 |       |       |       ||     8
       Trident           |    14 |   101 |   175 |   162 ||   452
       Rapier            |       |       |    34 |       ||    34
       Dire flail        |       |       |    21 |     8 ||    29
       Punch             |       |       |     1 |       ||     1
Throw: Throwing net      |       |       |       |     1 ||     1
 Cast: Summon Small Mamm |    20 |     9 |     5 |    15 ||    49
       Call Imp          |    15 |    20 |    26 |    16 ||    77
       Call Canine Famil |       |     2 |    20 |     5 ||    27
       Summon Ice Beast  |       |       |    35 |    21 ||    56
       Summon Guardian G |       |       |     7 |    10 ||    17
       Summon Lightning  |       |       |     1 |     6 ||     7
Invok: Channel Magic     |       |       |     1 |       ||     1
 Abil: Hop               |       |       |     7 |     1 ||     8
Evoke: Wand              |       |     2 |     4 |     1 ||     7
  Use: Scroll            |     2 |     5 |    10 |     6 ||    23
       Potion            |     1 |     2 |     6 |     4 ||    13
 Stab: Sleeping          |     1 |     4 |     4 |     1 ||    10
       Distracted        |     1 |     1 |     2 |     3 ||     7
       Confused          |       |       |     3 |       ||     3
       Invisible         |       |       |     3 |       ||     3
       Paralysed         |       |       |     3 |       ||     3
  Eat: Chunk             |     4 |     6 |    16 |    15 ||    41
       Ration            |       |     1 |     3 |     1 ||     5
Armor: Robe              |    11 |     9 |    34 |     6 ||    60
       Leather armour    |       |       |       |     4 ||     4
Dodge: Dodged            |    77 |    73 |   160 |    94 ||   404

Table legend:
 A = Non-vault XP
 B = Vault XP
 C = Vault XP percentage of total XP
 D = Non-vault monster count
 E = Vault monster count
 F = Vault count percentage of total count
                 A         B        C        D         E       F
            +---------+---------+-------+---------+---------+-------
      Total |    3827 |    3750 |  49.5 |     165 |      58 |  26.0
            +---------+---------+-------+---------+---------+-------
        D:1 |      22 |       0 |   0.0 |      17 |       0 |   0.0
        D:2 |      58 |      22 |  27.5 |      28 |       1 |   3.4
        D:3 |     153 |       0 |   0.0 |      17 |       0 |   0.0
        D:4 |     328 |       0 |   0.0 |       7 |       0 |   0.0
        D:5 |     617 |     121 |  16.4 |      22 |       2 |   8.3
        D:6 |     522 |       0 |   0.0 |      16 |       0 |   0.0
        D:7 |     151 |       0 |   0.0 |       7 |       0 |   0.0
        D:8 |     704 |    1351 |  65.7 |      15 |       9 |  37.5
        D:9 |     940 |    2052 |  68.6 |      25 |      44 |  63.8
       D:10 |     332 |     204 |  38.1 |      11 |       2 |  15.4
            +---------+---------+-------+---------+---------+-------
